 Dungeon Crawl Stone Soup version 0.30-a0-918-g0ff054e9dc (webtiles) character file.

Game seed: 16252453896757932082

9 elagabalus the Trooper (level 2, 41/42 HPs)
             Began as a Hill Orc Berserker on Mar 20, 2023.
             Was a Follower of Trog.
             Quit the game on level 1 of the Dungeon.
             The game lasted 00:02:53 (245 turns).

elagabalus the Trooper (Hill Orc Berserker)          Turns: 245, Time: 00:02:54

Health: 41/42      AC:  2    Str: 19    XL:     2   Next: 12%
Magic:  2/2        EV: 26    Int:  7    God:    Trog [*.....]
Gold:   35         SH:  0    Dex: 10    Spells: 1/1 levels left

rFire   . . .      SeeInvis .    a - +0 hand axe
rCold   . . .      Faith    .    (no shield)
rNeg    . . .      Spirit   .    b - +0 animal skin
rPois   .          Reflect  .    (no helmet)
rElec   .          Rampage  .    (no cloak)
rCorr   .                        (no gloves)
Will    .....                    (no boots) Stlth
                                 e - amulet of the acrobat
HPRegen 0.27/turn                (no ring)
MPRegen 0.08/turn                (no ring)

@: berserking, acrobatic, very quick
A: no striking features
a: Renounce Religion, Berserk


You were on level 1 of the Dungeon.
You worshipped Trog.
Trog was aware of your devotion.
You visited 1 branch of the dungeon, and saw 1 of its levels.

You collected 35 gold pieces.

Inventory:

Hand Weapons
 a - a +0 hand axe (weapon)
Armour
 b - a +0 animal skin (worn)
Jewellery
 e - an amulet of the acrobat (around neck)
Scrolls
 c - a scroll of vulnerability {unknown}
 g - a scroll of silence {unknown}
 h - a scroll of poison {unknown}
 i - a scroll of butterflies {unknown}
Potions
 d - a potion of curing {unknown}
 f - a potion of heal wounds {unknown}


   Skills:
 * Level 4.4 Fighting
 - Level 4.0 Axes
 - Level 2.1 Armour
 - Level 1.5 Dodging


You had one spell level left.
You didn't know any spells.
Your spell library was empty.

Dungeon Overview and Level Annotations

Branches:
Dungeon (1/15)

Altars:


Message History

Found a stone staircase leading down.
There is a stone staircase leading down here.
Found 10 gold pieces.
You now have 35 gold pieces (gained 10).
A frilled lizard comes into view.
The frilled lizard hisses angrily.
You miss the frilled lizard. The frilled lizard closely misses you.
You miss the frilled lizard. You punch the frilled lizard.
You kill the frilled lizard!
Trog accepts your kill.
Found a scroll labelled UVACISHREEC.
h - a scroll labelled UVACISHREEC
Found a scroll labelled DOHINK ELOBIKUG.
i - a scroll labelled DOHINK ELOBIKUG A hobgoblin comes into view.
The hobgoblin shouts!
A bat comes into view.
The hobgoblin misses you.
You closely miss the hobgoblin.
A giant cockroach comes into view.
The hobgoblin misses you.
A red film seems to cover your vision as you go berserk!
You feel yourself moving faster!
You feel mighty! The bat barely misses you. The hobgoblin hits you.
You slash the hobgoblin!
You kill the hobgoblin!
Trog accepts your kill.
You closely miss the bat.
You hit the giant cockroach but do no damage.
The bat closely misses you. The bat barely misses you.
The giant cockroach closely misses you.
You have reached level 2!
You slash the giant cockroach!
You kill the giant cockroach!
Trog accepts your kill.
You miss the bat. The bat closely misses you. The bat misses you.
A giant cockroach comes into view.
The bat attacks as you move away! The bat barely misses you.
You see here a giant cockroach corpse.
Are you sure you want to abandon this character and quit the game? (Confirm with "yes".)

## .# #.. .# #.# .# #.#
.# #.# .# #.#
.##############.##
.##..............#
.##.###########b@#
........... #......B...
##########.........#####
####....... #.....###
#^....# #######


You could see a giant cockroach and a bat.

Vanquished Creatures
  A bat (D:1)
  An endoplasm (D:1)
  A giant cockroach (D:1)
  A hobgoblin (D:1)
  2 ball pythons (D:1)
  A frilled lizard (D:1)
  A rat (D:1)
8 creatures vanquished.

Notes
Turn   | Place    | Note
-------+----------+-------------------------------------------
     0 | D:1      | elagabalus the Hill Orc Berserker began the quest for the
                  | Orb.
     0 | D:1      | Reached XP level 1. HP: 19/19 MP: 1/1
   243 | D:1      | Reached XP level 2. HP: 27/27 MP: 2/2
   245 | D:1      | Quit the game

Illustrated notes

Levels and vault maps discovered:
D:1:      lightli_arrival_statue_moat, layout_loops_ring

Skill      XL: |  1 |
---------------+----+-----
Fighting       | 4 |  4.4
Axes           | |  4.0
Armour         | |  2.1
Dodging        | |  1.5

Action                     || total
---------------------------++-------
  Melee: Hand axe          ||    17
         Punch             ||     1
 Invoke: Berserk           ||     1
 Armour: Animal skin       ||     5
  Dodge: Dodged            ||    15

Table legend: (Time is in decaauts)
 A = Elapsed time spent in this place.
 B = Non-inter-level travel time spent in this place.
 C = Inter-level travel time spent in this place.
 D = Time resting spent in this place.
 E = Time spent auto-exploring this place.
 F = Levels seen in this place.
 G = Mean time per level.
                   A        B        C        D        E       F      G
               +--------+--------+--------+--------+--------+-----+--------+
         Total |    245 |     63 |    182 |      0 |      0 |   1 |  245.0 |
       Dungeon |    245 |     63 |    182 |      0 |      0 |   1 |  245.0 |
               +--------+--------+--------+--------+--------+-----+--------+

Top non-repeatable levels by time:
     D:1: 245 daAuts
